 Dungeon Crawl Stone Soup version 0.28.0-49-g6dfe1f597d (webtiles) character file.

Game seed: 15948797634589774240

12746 issech the Cleaver (level 11, -1/94 HPs)
             Began as a Troll Monk on May 12, 2022.
             Was an Elder of Hepliaklqana.
             Slain by an anaconda simulacrum (23 damage)
             ... in an ice cave.
             The game lasted 00:41:44 (10062 turns).

issech the Cleaver (Troll Monk)                    Turns: 10062, Time: 00:41:45

Health: -1/94      AC:  8    Str: 21    XL:     11   Next: 66%
Magic:  10/10      EV: 26    Int:  6    God:    Hepliaklqana [****..]
Gold:   840        SH: 28    Dex: 16    Spells: 10/10 levels left

rFire   + . .      SeeInvis +   q - +1 war axe (freeze)
rCold   . . .      Faith    .   T - +18 shield of the Gong {rElec rN+ Will+ EV-5}
rNeg    + + .      Spirit   .   O - +0 steam dragon scales
rPois   .          Reflect  .   (helmet restricted)
rElec   +          Harm     .   A - +0 cloak
rCorr   .          Rampage  .   (gloves unavailable)
Will    +....                   (boots unavailable)
Stlth   ++........              n - amulet of the acrobat
HPRegen 1.05/turn               k - +4 ring of evasion
MPRegen 0.12/turn               o - ring "Orchet" {rF+ rN+ SInv}

@: acrobatic
A: reduced essence, large, unfitting armour, claws 3, regeneration 1, shaggy fur
1, tough skin 1
a: Renounce Religion, Recall Ancestor, Ancestor Identity, Transference, Idealise


You were in an ice cave.
You worshipped Hepliaklqana.
Hepliaklqana was greatly pleased with you.
You visited 2 branches of the dungeon, and saw 12 of its levels.
You also visited: Sewer and Ice Cave.

You collected 874 gold pieces.
You spent 34 gold pieces at shops.

Inventory:

Hand Weapons
 a - a +4 quarterstaff of chaos
 j - a +2 whip of freezing
 q - a +1 war axe of freezing (weapon)
 z - a +2 short sword of holy wrath
 H - a +5 vorpal glaive
 N - a +2 long sword
 Z - a +2 vampiric dagger
Missiles
 c - 6 javelins
 d - 442 stones
 e - 22 boomerangs (quivered)
 i - 19 poisoned darts
 p - 191 arrows
 s - 35 sling bullets
 t - 3 silver boomerangs
 J - 15 bolts
 X - 3 silver javelins
Armour
 A - a +0 cloak (worn)
 D - a +2 robe of willpower
 M - a scarf of harm
 O - +0 steam dragon scales (worn)
 T - the +18 shield of the Gong (worn) {rElec rN+ Will+ EV-5}
   (You found it on level 7 of the Dungeon)

   It is deafeningly noisy when blocking attacks.
   EV:        It affects your evasion (-5).
   rElec:     It insulates you from electricity.
   rN:        It protects you from negative energy.
   Will:      It increases your willpower.
Jewellery
 k - a +4 ring of evasion (left claw)
 l - a ring of wizardry
 m - a ring of positive energy
 n - an amulet of the acrobat (around neck)
 o - the ring "Orchet" (right claw) {rF+ rN+ SInv}
   (You found it on level 2 of the Dungeon)

   [ring of see invisible]

   rF:        It protects you from fire.
   rN:        It protects you from negative energy.
   SInv:      It lets you see invisible.
 v - a ring of see invisible
 R - an amulet of faith
 V - a ring of resist corrosion
Wands
 Q - a wand of acid (7)
 S - a wand of mindburst (16)
 U - a wand of flame (12)
Scrolls
 x - 3 scrolls of teleportation
 y - 2 scrolls of fog
 C - a scroll of summoning
 E - a scroll of brand weapon
 F - 2 scrolls of enchant armour
 G - a scroll of holy word
 K - 4 scrolls of enchant weapon
 L - a scroll of amnesia {unknown}
 P - 3 scrolls of magic mapping
 W - 2 scrolls of immolation
 Y - a scroll of blinking {unknown}
Potions
 b - a potion of invisibility
 f - 3 potions of flight {unknown}
 g - 4 potions of curing {unknown}
 h - 3 potions of berserk rage
 r - 3 potions of heal wounds {unknown}
 u - a potion of resistance {unknown}
 w - 5 potions of lignification {unknown}
 B - 3 potions of haste {unknown}
 I - 3 potions of attraction {unknown}


   Skills:
 + Level 6.0 Fighting
 + Level 9.7(10.0) Axes
 + Level 3.7(7.7) Maces & Flails
 + Level 3.5 Throwing
 + Level 6.8 Dodging
 + Level 2.8 Stealth
 + Level 7.4 Shields


You had 10 spell levels left.
You didn't know any spells.
Your spell library contained the following spells:

 Spells                   Type           Power      Damage    Failure   Level
 Slow                     Hex            0%         N/A       71%         1
 Ensorcelled Hibernation  Hex/Ice        0%         N/A       83%         2
 Passwall                 Tmut/Erth      0%         N/A       83%         2
 Confusing Touch          Hex            0%         N/A       97%         3
 Dazzling Flash           Conj/Hex       0%         N/A       97%         3
 Gell's Gravitas          Tloc           0%         N/A       97%         3
 Lesser Beckoning         Tloc           0%         N/A       97%         3
 Summon Guardian Golem    Hex/Summ       0%         N/A       97%         3
 Swiftness                Air            0%         N/A       97%         3
 Teleport Other           Tloc           0%         N/A       97%         3
 Vampiric Draining        Necr           0%         2d6       97%         3
 Animate Armour           Summ/Erth      0%         N/A       100%        4
 Orb of Destruction       Conj           0%         9d5       100%        7
 Spellforged Servitor     Conj/Summ      0%         N/A       100%        7


Dungeon Overview and Level Annotations

Branches:
Dungeon (11/15)            Temple (1/1) D:7            Lair (0/6) D:9
    Orc (0/2) D:10          Sewer (visited)           IceCv (1/1)

Altars:
Ashenzari
Cheibriados
Dithmenos
Elyvilon
Fedhas
Gozag
Hepliaklqana
Kikubaaqudgha
Makhleb
Nemelex Xobeh
Okawaru
Qazlal
Ru
Sif Muna
Trog
Uskayaw
Vehumet
Wu Jian
Xom
Yredelemnul
Zin
The Shining One

Shops:
D:7 **?   D:8 *   D:10 [((*


Innate Abilities, Weirdness & Mutations

Your life essence is reduced to manifest your ancestor. (-10% HP)
You are too large for most types of armour.
You have claws for hands.
Your natural rate of healing is unusually fast.
You are covered in fur. (AC +1)
You have tough skin. (AC +1)


Message History

GONNNNG!
Something shouts, "Get thee gone, thou unmuzzled milk-livered clam!"
You slice the harpy simulacrum!!
The harpy simulacrum vaporises!
You block the anaconda simulacrum's attack.
GONNNNG!
The anaconda simulacrum completely misses you.
You block the anaconda simulacrum's attack.
GONNNNG!
The anaconda simulacrum misses you.
The anaconda simulacrum completely misses you.
You block the anaconda simulacrum's attack.
PANG!
You block the anaconda simulacrum's attack.
BOUMMMMG!
You block the anaconda simulacrum's attack.
GONNNNG!
You block the anaconda simulacrum's attack.
GONNNNG!
The anaconda simulacrum closely misses you.
You block the anaconda simulacrum's attack.
GONNNNG!
The anaconda simulacrum misses you.
Something shouts, "Out, out, thou euchred fly-bitten gnoll-tail!"
You block the anaconda simulacrum's attack.
GONNNNG!
The anaconda simulacrum barely misses you.
You block the anaconda simulacrum's attack.
GONNNNG!
You block the anaconda simulacrum's attack.
GONNNNG!
You block the anaconda simulacrum's attack.
GONNNNG!
The anaconda simulacrum barely misses you.
You block the anaconda simulacrum's attack.
GONNNNG!
The anaconda simulacrum bites you.
* * * LOW HITPOINT WARNING * * *
The anaconda simulacrum freezes you!!
You die...

#....##
##.....#
#...#..##
##.Z###..#
#..##
##Z## #.##
#..# #.##
#..## ##Z#
##..# ##@#
##.# #..#
#..# #.##
#..# #.##
#.##
##.###
#.## #.#.#
##.#
#...## #.#
##.#.#
#...#
#.##.##
##.##


You could see an anaconda simulacrum.

Vanquished Creatures
  A boulder beetle (D:11)
  A two-headed ogre (D:10)
  Pikel (D:6)
  An ice statue (IceCv)
  5 yaks
  A shadow (D:7)
  2 wyverns
  5 humans (D:7)
  A steam dragon (D:8)
  2 vampire mosquitoes (D:10)
  Menkaure (D:4)
  A harpy simulacrum (IceCv)
  2 water moccasins
  An acid dragon (D:9)
  An orc warrior (D:8)
  Pargi (Sewer)
  2 ice beasts (D:7)
  A necrophage (D:8)
  3 ogres
  2 wolves (D:10)
  A lemure (D:6)
  3 centaurs
  A kobold brigand (D:6)
  Blork the orc (D:5)
  A wyvern zombie (D:6)
  A bullfrog (D:6)
  2 two-headed ogre simulacra (IceCv)
  A water moccasin zombie (D:5)
  8 killer bees (D:8)
  An elephant simulacrum (IceCv)
  3 wights
  2 howler monkeys (D:10)
  3 bullfrog zombies (D:5)
  2 centaur zombies
  5 centaur skeletons
  2 orc priests (D:8)
  2 bullfrog skeletons (D:5)
  A jelly (D:5)
  Crazy Yiuf (D:7)
  6 iguanas
  An orc wizard (D:5)
  A scorpion zombie (D:5)
  9 spriggan simulacra
  A polar bear simulacrum (IceCv)
  A troll simulacrum (IceCv)
  A hound zombie (D:5)
  A howler monkey zombie (D:5)
  4 gnolls (D:3)
  2 river rats (D:3)
  9 adders
  A naga simulacrum (IceCv)
  3 white imps
  4 ufetubi
  An adder zombie (D:5)
  5 worms
  3 dart slugs
  12 orcs
  8 bats
  5 endoplasms
  3 giant cockroaches
  5 goblins
  3 hobgoblins
  11 jackals
  13 kobolds
  5 quokkas
  4 ball pythons
  2 frilled lizards
  6 rats
206 creatures vanquished.

Vanquished Creatures (collateral kills)
  A centaur warrior (D:10)
  3 two-headed ogres
  A centaur zombie (D:10)
  Maggie (D:8)
  4 yaks
  2 vampires
  Grum (D:10)
  2 wolves (D:10)
  A centaur (D:10)
  2 two-headed ogre simulacra (IceCv)
  An elephant simulacrum (IceCv)
  A killer bee (D:8)
  A howler monkey (D:10)
  An orc wizard (D:10)
  6 spriggan simulacra
  A troll simulacrum (IceCv)
  A polar bear simulacrum (IceCv)
  2 naga simulacra (IceCv)
  A white imp (IceCv)
  3 ufetubi (IceCv)
  2 orcs
38 creatures vanquished.

Vanquished Creatures (others)
  2 battlemagi
  2 plants (D:10)
  2 withered plants (D:5)
6 creatures vanquished.

Grand Total: 250 creatures vanquished

Notes
Turn   | Place    | Note
-------+----------+-------------------------------------------
     0 | D:1      | issech the Troll Monk began the quest for the Orb.
     0 | D:1      | Reached XP level 1. HP: 22/22 MP: 0/0
    20 | D:1      | Found a faded altar of an unknown god.
   193 | D:1      | Reached XP level 2. HP: 29/29 MP: 1/1
   962 | D:2      | Reached XP level 3. HP: 35/36 MP: 2/2
  1128 | D:2      | Reached skill level 1 in Shields
  1189 | D:2      | Reached XP level 4. HP: 31/44 MP: 3/3
  1326 | D:2      | Identified the ring "Orchet" {rF+ rN+ SInv}
  1611 | D:3      | Found a glowing drain.
  1621 | Sewer    | Entered a sewer
  1651 | Sewer    | Noticed Pargi
  1665 | Sewer    | Killed Pargi
  1666 | Sewer    | Reached skill level 1 in Axes
  1666 | Sewer    | Reached XP level 5. HP: 18/53 MP: 4/4
  1885 | D:3      | Reached XP level 6. HP: 45/61 MP: 5/5
  2198 | D:3      | Got Eridaz's Grimoire of the Enchanting Mountains
  2963 | D:4      | Noticed Menkaure
  2972 | D:4      | Killed Menkaure
  2973 | D:4      | Reached skill level 2 in Axes
  3217 | D:5      | Entered Level 5 of the Dungeon
  3217 | D:5      | Noticed Blork the orc
  3230 | D:5      | Killed Blork the orc
  3231 | D:5      | Reached XP level 7. HP: 29/67 MP: 6/6
  3290 | D:5      | Reached skill level 3 in Axes
  3415 | D:5      | Found a sacrificial altar of Ru.
  3647 | D:5      | Reached skill level 4 in Axes
  3847 | D:5      | Reached XP level 8. HP: 74/78 MP: 7/7
  3904 | D:5      | Reached skill level 1 in Throwing
  3975 | D:5      | Reached skill level 5 in Axes
  4035 | D:5      | HP: 3/78 [iguana (5)]
  4581 | D:6      | Noticed Pikel
  4595 | D:6      | Killed Pikel
  4596 | D:6      | Reached skill level 6 in Axes
  4696 | D:6      | Reached XP level 9. HP: 85/85 MP: 8/8
  5437 | D:7      | Found the +18 shield of the Gong {rElec rN+ Will+ EV-5}
  5490 | D:7      | Found Jelar's General Store.
  5524 | D:7      | Reached skill level 5 in Dodging
  5625 | D:7      | Found Olagiy's Assorted Antiques.
  5653 | D:7      | Reached skill level 7 in Axes
  5682 | D:7      | Reached skill level 5 in Fighting
  5852 | D:7      | Found Xiluxischu's Magic Scroll Emporium.
  5883 | D:7      | Found a staircase to the Ecumenical Temple.
  5895 | Temple   | Entered the Ecumenical Temple
  5977 | Temple   | Became a worshipper of Hepliaklqana the Forgotten
  5977 | Temple   | Reached * piety under Hepliaklqana
  5977 | Temple   | Reached ** piety under Hepliaklqana
  5978 | Temple   | Remembered your ancestor Tlaloc as a battlemage
  6355 | D:7      | Found a runed translucent door.
  6356 | D:7      | Noticed Crazy Yiuf
  6363 | D:7      | Killed Crazy Yiuf
  6480 | D:8      | Noticed Maggie
  6485 | D:8      | Killed Maggie
  6486 | D:8      | Reached XP level 10. HP: 86/86 MP: 9/9
  6565 | D:8      | Found a hide-covered altar of Uskayaw.
  6718 | D:8      | Reached skill level 5 in Shields
  6780 | D:8      | Reached skill level 8 in Axes
  6973 | D:8      | Found Fuoschiu's Assorted Antiques.
  7297 | D:7      | Bought a scroll of identify for 24 gold pieces
  7319 | D:9      | Reached *** piety under Hepliaklqana
  7437 | D:9      | Found a bloodstained altar of Trog.
  7523 | D:9      | Noticed a two-headed ogre
  7531 | D:9      | Killed a two-headed ogre
  7544 | D:9      | Found a staircase to the Lair.
  7765 | D:9      | Noticed a two-headed ogre
  7771 | D:9      | Killed a two-headed ogre
  7990 | D:10     | Entered Level 10 of the Dungeon
  8000 | D:10     | Noticed a centaur warrior
  8005 | D:10     | Found Semekhload's Weapon Shoppe.
  8005 | D:10     | Reached **** piety under Hepliaklqana
  8009 | D:10     | Killed a centaur warrior
  8010 | D:10     | Reached XP level 11. HP: 74/93 MP: 10/10
  8082 | D:10     | Found a shimmering blue altar of Sif Muna.
  8133 | D:10     | Found Dupakus's Weapon Shop.
  8212 | D:10     | Found Vicoygremp's General Store.
  8218 | D:10     | Bought a potion of degeneration for 10 gold pieces
  8365 | D:10     | Found a staircase to the Orcish Mines.
  8419 | D:10     | Noticed Grum
  8425 | D:10     | Killed Grum
  8439 | D:10     | Reached skill level 9 in Axes
  8531 | D:10     | Noticed a two-headed ogre
  8538 | D:10     | Killed a two-headed ogre
  8769 | D:10     | Found Belanoe's Antique Armour Shoppe.
  9002 | D:11     | Noticed a boulder beetle
  9018 | D:11     | Killed a boulder beetle
  9020 | D:11     | Noticed a two-headed ogre
  9023 | D:11     | Found a frozen archway.
  9028 | D:11     | Killed a two-headed ogre
  9080 | IceCv    | Entered an ice cave
 10041 | IceCv    | HP: 2/94 [harpy simulacrum (17)]
 10062 | IceCv    | Slain by an anaconda simulacrum

Illustrated notes

Levels and vault maps discovered:
D:1:      dpeg_arrival_chambers_temple_mockup, layout_loops_ring,
          ebering_ecumenical_altar_sacrificial
D:2:      layout_rooms
D:3:      layout_basic, lightli_sewer_entry_pipes
D:4:      layout_loops_ring, minivault_23, uniq_menkaure
D:5:      layout_basic, mainiacjoe_overflow_boulevard, serial_undead,
          serial_undead_d, serial_undead_e, serial_undead_c, serial_undead_e,
          serial_undead_c, serial_undead_c, serial_undead_e,
          minmay_misc_feat_hallway, uniq_blork_the_orc
D:6:      minmay_klotski, layout_loops_corners, uniq_pikel
D:7:      layout_loops_ring, minmay_temple_entry_crystal_x, serial_shops,
          nicolae_shop_crystal, shop_coins, nicolae_take_the_stairs,
          minmay_ruffians, uniq_crazy_yiuf_cottage
D:8:      layout_loops_ring, mainiacjoe_overflow_24_doors, serial_shops,
          shop_coins, uniq_maggie
D:9:      layout_long_grid, lemuel_doored_altar, lair_entry_dummy
D:10:     layout_basic, marbit_many_paths, orc_0_dummy, serial_shops,
          nicolae_shop_bloodbath_and_beyond, shop, kennysheep_mini,
          nicolae_shop_overgrown_old_shop, uniq_grum
D:11:     layout_long_grid, portal_ice_cave_entry_ice_simulacra
Temple:   dpeg_five_rooms_temple
IceCv:    ice_cave_caverns_01

Skill      XL: |  1  2  3  4  5  6  7  8  9 10 11 |
---------------+----------------------------------+-----
Maces & Flails | 3 |  3.7
Dodging        | 3 4 5 6 |  6.8
Shields        | 1 2 4 6 7 |  7.4
Fighting       | 3 4 5 6 |  6.0
Axes           | 1 2 4 6 7 8 9 |  9.7
Throwing       | 2 3 |  3.5
Stealth        | 2 |  2.8

Action                   |  1- 3 |  4- 6 |  7- 9 | 10-12 || total
-------------------------+-------+-------+-------+-------++-------
Melee: Mace              |   127 |    39 |       |       ||   166
       War axe           |       |   110 |   347 |   252 ||   709
Throw: Stone             |       |     1 |       |       ||     1
       Boomerang         |       |     2 |    38 |    12 ||    52
Invok: Ancestor Life: Ba |       |       |     1 |       ||     1
  Use: Scroll            |       |       |     4 |     8 ||    12
       Potion            |       |       |       |     1 ||     1
 Stab: Sleeping          |     2 |     5 |       |       ||     7
       Distracted        |       |       |     2 |     6 ||     8
Armor: Robe              |    58 |    40 |    52 |       ||   150
       Steam dragon scal |       |       |       |    20 ||    20
Dodge: Dodged            |    87 |   147 |   178 |    52 ||   464
Block: Kite shield       |    56 |    79 |   232 |   341 ||   708
